 Dungeon Crawl Stone Soup version 0.22.1-5-g62c59d9 (webtiles) character file.

56 Kairos the Shield-Bearer (level 3, -1/19 HPs)
             Began as a Vine Stalker Fighter on Jan 15, 2019.
             Was an Initiate of Okawaru.
             Slain by a gnoll
             ... wielding a +0 spear
              (4 damage)
             ... on level 2 of the Dungeon.
             The game lasted 00:02:34 (997 turns).

Kairos the Shield-Bearer (Vine Stalker Fighter)      Turns: 997, Time: 00:02:35

Health: -1/19      AC:  6    Str: 19    XL:     3   Next: 97%
Magic:  0/4        EV:  7    Int:  8    God:    Okawaru [......]
Gold:   96         SH:  9    Dex: 13    Spells: 2/2 levels left

rFire    . . .     SeeInvis .   a - +0 war axe
rCold    . . .     Gourm    .   c - +0 shield
rNeg     . . .     Faith    .   b - +0 scale mail
rPois    .         Spirit   +   (no helmet)
rElec    .         Reflect  .   (no cloak)
rCorr    .         Harm     .   (no gloves)
MR       .....                  (no boots)
Stlth    ..........             (no amulet)
HPRegen  0.06/turn              (no ring)
MPRegen  0.09/turn              (no ring)

@: no status effects
A: fangs 2, magic shield, antimagic bite, no potion heal 3, rot immunity
a: Renounce Religion


You were on level 2 of the Dungeon.
You worshipped Okawaru.
Okawaru was noncommittal.
You were hungry.

You visited 1 branch of the dungeon, and saw 2 of its levels.

You collected 96 gold pieces.

Inventory:

Hand Weapons
 a - a +0 war axe (weapon)
Armour
 b - a +0 scale mail (worn)
 c - a +0 shield (worn)
Scrolls
 h - a scroll of blinking {unknown}
Potions
 d - a potion of might
 e - a potion of haste {unknown}
 g - a potion of lignification {unknown}
 i - a potion of heal wounds {unknown}
Comestibles
 f - 3 rations


   Skills:
 + Level 2.9 Fighting
 + Level 2.4 Axes
 + Level 2.9 Armour
 + Level 0.3 Dodging
 + Level 3.1 Shields


You had 2 spell levels left.
You didn't know any spells.
Your spell library was empty.

Dungeon Overview and Level Annotations

Branches:
Dungeon (2/15)

Altars:
Okawaru


Innate Abilities, Weirdness & Mutations

You have extremely sharp teeth.
When hurt, damage is shared between your health and your magic reserves.
Your bite disrupts and absorbs the magic of your enemies.
Potions cannot restore your health.
You are immune to rotting.


Message History

Okawaru accepts your kill. The gnoll hits you with a spear.
You hit the gnoll.
The gnoll is moderately wounded.
You closely miss the leopard gecko.
The leopard gecko bites you but does no damage.
The gnoll hits you with a spear. You block the leopard gecko's attack.
The gnoll hits you but does no damage.
You slash the gnoll! Your bite misses the gnoll.
The gnoll is almost dead.
You closely miss the leopard gecko. The leopard gecko bites you.
The gnoll barely misses you.
The leopard gecko bites you but does no damage.
You hit the gnoll but do no damage. You bite the gnoll. You drain its power.
You feel invigorated.
The gnoll is almost dead.
You miss the leopard gecko. The gnoll hits you with a spear.
* * * LOW HITPOINT WARNING * * *
The leopard gecko barely misses you. The gnoll hits you with a spear.
You die...

###....## #### ..##.##...#
#..† #.
#..######..#..#.### #.##
#..##.##....#..##.#.# #.#.
#..#..#..K(.....#.#.# ##.
#.#. #..#..# #(l.S.#.#.#
.... #.#. #.....#
#K.#.#.#..... #.#. #.....#
#gl#......## #.#. #.....##
##@##......'.. #.#.
#......######..#.......###
#.#.
#....#........##.......#
#.#.
###..###....###...######
#.#. ##...######.....#
#.#. ###...........## #.##
######....### #####.#.
###### #......† #....[..


You could see a gnoll, a leopard gecko, a ball python and a kobold.

Vanquished Creatures
  An ooze (D:1)
  3 worms (D:2)
  2 dart slugs (D:1)
  2 ball pythons (D:2)
  5 giant cockroaches
  2 goblins (D:2)
  9 hobgoblins
  A quokka (D:2)
  7 bats
  A frilled lizard (D:2)
  4 kobolds (D:1)
  2 rats
39 creatures vanquished.

Notes
Turn   | Place    | Note
-------+----------+-------------------------------------------
     0 | D:1      | Kairos the Vine Stalker Fighter began the quest for the
                  | Orb.
     0 | D:1      | Reached XP level 1. HP: 11/11 MP: 2/2
    90 | D:1      | Reached XP level 2. HP: 15/16 MP: 3/3
   105 | D:1      | Reached skill level 3 in Shields
   349 | D:1      | Reached XP level 3. HP: 18/19 MP: 4/4
   467 | D:1      | Found an iron altar of Okawaru.
   484 | D:1      | Became a worshipper of Warmaster Okawaru
   997 | D:2      | Slain by a gnoll

Skill      XL: |  1  2  3 |
---------------+----------+-----
Shields        | 3 |  3.1
Axes           | 2 |  2.4
Fighting       | |  2.9
Armour         | |  2.9
Dodging        | |  0.3

Action                   || total
-------------------------++-------
Melee: War axe           ||   104
       Bite              ||    22
  Use: Scroll            ||     1
Armor: Scale mail        ||    37
Dodge: Dodged            ||    36
Block: Shield            ||    60
